 Dungeon Crawl Stone Soup version 0.28.0-53-g5a82cb258f (webtiles) character file.

Game seed: 6659806771779900817

5 Revguard the Skirmisher (level 1, -2/18 HPs)
             Began as a Demigod Fighter on Aug 25, 2022.
             Slain by a quokka (4 damage)
             ... on level 1 of the Dungeon.
             The game lasted 00:00:25 (64 turns).

Revguard the Skirmisher (Demigod Fighter)             Turns: 64, Time: 00:00:26

Health: -2/18      AC:  6    Str: 17    XL:     1   Next: 53%
Magic:  3/3        EV:  9    Int: 10    God:
Gold:   10         SH:  4    Dex: 13    Spells: 0/0 levels left

rFire   . . .      SeeInvis .   a - +0 long sword
rCold   . . .      Faith    .   c - +0 buckler
rNeg    . . .      Spirit   .   b - +0 scale mail
rPois   .          Reflect  .   (no helmet)
rElec   .          Harm     .   (no cloak)
rCorr   .          Rampage  .   (no gloves)
Will    .....                   (no boots)
Stlth   ..........              (no amulet)
HPRegen 0.06/turn               (no ring)
MPRegen 0.08/turn               (no ring)

@: no status effects
A: high MP 1, forlorn, divine attributes
a: no special abilities


You were on level 1 of the Dungeon.
You visited 1 branch of the dungeon, and saw 1 of its levels.

You collected 10 gold pieces.

Inventory:

Hand Weapons
 a - a +0 long sword (weapon)
Armour
 b - a +0 scale mail (worn)
 c - a +0 buckler (worn)
Scrolls
 e - a scroll of enchant weapon {unknown}
Potions
 d - a potion of might


   Skills:
 + Level 2.7 Fighting
 + Level 1.8 Long Blades
 + Level 2.7 Armour
 + Level 0.2 Dodging
 + Level 2.7 Shields
 + Level 0.1 Evocations


You couldn't memorise any spells.
You didn't know any spells.
Your spell library was empty.

Dungeon Overview and Level Annotations

Branches:
Dungeon (1/15)


Innate Abilities, Weirdness & Mutations

You have an increased reservoir of magic. (+10% MP)
You shall have no god before yourself.
Your divine heritage dramatically boosts your attributes as you level up.


Message History

The jackal bites you but does no damage.
The jackal bites you. The goblin hits you but does no damage.
The jackal bites you. You block the jackal's attack.
You closely miss the jackal. The jackal closely misses you.
You block the quokka's attack. The goblin barely misses you.
The jackal closely misses you.
The jackal bites you but does no damage.
The quokka barely misses you.
You slash the jackal!
You kill the jackal!
The goblin hits you with a +0 dagger. The jackal completely misses you.
You block the quokka's attack. You block the jackal's attack.
The goblin hits you but does no damage. The jackal bites you.
You closely miss the jackal.
The jackal is almost dead.
You block the quokka's attack. The jackal completely misses you.
You block the jackal's attack. The goblin hits you but does no damage.
The quokka bites you but does no damage.
The jackal bites you but does no damage.
The jackal closely misses you.
You hit the jackal.
You kill the jackal!
The quokka bites you. The jackal barely misses you.
The goblin hits you but does no damage. The quokka bites you.
* * * LOW HITPOINT WARNING * * *
You block the jackal's attack. The goblin barely misses you.
The quokka barely misses you. The jackal closely misses you.
The quokka closely misses you. The jackal bites you.
* * * LOW HITPOINT WARNING * * *
The quokka twitches its whiskers.
The jackal closely misses you.
The quokka bites you but does no damage.
You closely miss the jackal. The jackal bites you.
* * * LOW HITPOINT WARNING * * *
The quokka completely misses you.
The jackal bites you but does no damage.
You closely miss the jackal. The quokka bites you.
You die...

..................
..................
.................
..............^..
.............##
............##
############..g.##
♣
#...≈§≈§§..#.hr##
♣♣#...§.§.§..#.#@#
.♣#....≈≈....#8..#
.♣#..........'...#
♣.'..........'...#
###..........'...#
..#....≈≈....#8.##
..#..........####
..#...≈≈≈≈...#
##############


You could see a quokka, a jackal and a goblin.

Vanquished Creatures
  An endoplasm (D:1)
  2 jackals (D:1)
  A ball python (D:1)
  A rat (D:1)
5 creatures vanquished.

Notes
Turn   | Place    | Note
-------+----------+-------------------------------------------
     0 | D:1      | Revguard the Demigod Fighter began the quest for the Orb.
     0 | D:1      | Reached XP level 1. HP: 18/18 MP: 3/3
    64 | D:1      | Slain by a quokka

Illustrated notes

Levels and vault maps discovered:
D:1:      scummos_arrival_gate, layout_rooms,
          hellmonk_ecumenical_altar_defaced_shrine

Action                   || total
-------------------------++-------
Melee: Long sword        ||    11
Armor: Scale mail        ||    10
Dodge: Dodged            ||    16
Block: Buckler           ||     8
